 Dungeon Crawl Stone Soup version 0.01-2115-ge649c80b0b (webtiles) character file.

Game seed: 17114931079471815433, levelgen mode: deterministic

1794 Lanoc the Lasher (level 8, -18/63 HPs) Lignifite Demonspawn. Began on June 5, 2020. Was a Follower of Ashenzari. Demolished by a merfolk ... wielding a +0 spear (25 damage) ... on level 4 of the Dungeon. The game lasted 00:10:28 (3655 turns).

Lanoc the Lasher (Lignifite Demonspawn)             Turns: 3655, Time: 00:10:28

Health: -18/63     AC:  1    Str: 19    XL:     8 ^: 234
Magic:  21/21      EV: 17    Int: 15    God:    Ashenzari [*..... (36)]
Gold:   169        SH:  3    Dex: 13    Spells: 10/11 levels left

rFire    x . .     Vision   .   a - +0 flail (curse) {(Curse: Fragile)}
rCold    . . .     Gourm    .   n - +1 whip (molten) (curse) {(Curse: Fragile)}
rNeg     + . .     Faith    .   b - +0 robe (curse) {(Curse: Fragile)}
rPois    +         Spirit   .   (helmet restricted)
rElec    .         Reflect  .   (no cloak)
rCorr    .         Harm     .   (gloves unavailable)
MR       .....                  (boots unavailable)
Stlth    +++.......             (no amulet)
HPRegen  0.31/turn              c - ring of magical power (curse) {(Curse: Fragile)}
MPRegen  0.31/turn              k - ring of positive energy (curse) {(Curse: Fragile)}

@: quick
A: small, rF-, barbs 2, soft wood 2, deformed body, speed 1, poison resistance,
slow metabolism 1, thorny 1, torment resistance, plant, rot immunity
a: Curse Item, Renounce Religion


You were on level 4 of the Dungeon.
You worshipped Ashenzari.
Ashenzari was aware of your devotion.
You were not hungry.

You visited 2 branches of the dungeon, and saw 5 of its levels.

You collected 169 gold pieces.

Inventory:

Weapons
 a - a cursed +0 flail (weapon) {(Curse: Fragile)}
 n - a cursed +1 whip of molten steel (weapon) {(Curse: Fragile)}
Armour
 b - a cursed +0 robe (worn) {(Curse: Fragile)}
Jewellery
 c - a cursed ring of magical power (left claw) {(Curse: Fragile)}
 k - a cursed ring of positive energy (right claw) {(Curse: Fragile)}
 l - an uncursed ring of magical power
Wands
 m - a wand of hasting (5)
Scrolls
 e - 5 scrolls of teleportation
 f - 3 scrolls of amnesia
 g - 2 scrolls of enchantment
 h - a scroll of immolation
 o - a scroll of fog
Potions
 i - 2 potions of berserk rage
 j - a potion of curing
Comestibles
 d - 6 rations
 p - 5 chunks of flesh


   Skills:
 + Level 5.5 Fighting
 * Level 8.4 Whips & Flails
 + Level 5.4 Dodging
 - Level 1.7 Stealth
 - Level 2.1 Spellcasting
   Level 3.0 Invocations


You had 10 spell levels left.
You knew the following spells:

 Your Spells              Type           Power        Failure   Level  Hunger
a - Flame Tongue          Fire           1 (40)       22%         1    #......

Your spell library contained the following spells:

 Spells                   Type           Power        Failure   Level  Hunger
 Blink                    Tloc           N/A          32%         2    ###....
 Call Imp                 Summ           1 (100)      32%         2    ###....
 Slow                     Hex            1 (100)      32%         2    ###....
 Conjure Flame            Fire           1 (100)      54%         3    ###....
 Mephitic Cloud           Pois/Air       1 (100)      54%         3    ###....


Dungeon Overview and Level Annotations

Branches:
Dungeon (4/8)              Temple (1/1) D:4

Altars:
Ashenzari
Elyvilon
Fedhas
Kikubaaqudgha
The Shining One


Innate Abilities, Weirdness & Mutations

Your woody flesh burns easily. (rF-)
A tangle of shorter branches protects your body from attack. (+3 SH)
You are small and have problems with some larger weapons.
You have very sharp barbs on your forebranches. (+4 Unarmed)
You're made of softwood. (Dex +4, Stealth+)
Armour fits poorly on your strangely shaped body.
You cover ground quickly.
Your system is resistant to poisons. (rPois)
You have a slow metabolism.
You are partially covered in thorns.
You are immune to unholy pain and torment.
You require very little carbon dioxide to survive.
You are immune to rotting.


Message History

The merfolk is struck by your spines.
The merfolk hits you with a +0 spear (2).
You hit the merfolk (3).
The merfolk is severely wounded. (13/57) HP You hit the merfolk but do no damage.
The merfolk is severely wounded. (13/57) HP The merfolk hits you with a +0 spear (5).
The merfolk hits you with a +0 spear (17)!
* * * LOW HITPOINT WARNING * * *
You hit the merfolk (5).
The merfolk is almost dead. (8/57) HP You barely miss the merfolk.
The merfolk is almost dead. (8/57) HP The merfolk is struck by your spines.
The merfolk closely misses you (0).
You hit the merfolk (3).
The merfolk is almost dead. (1/57) HP You hit the merfolk but do no damage.
The merfolk is almost dead. (1/57) HP The merfolk hits you with a +0 spear (25)!!
You die...

#.# #.# #.#
#.# #.#
#.#######
#..#≈≈≈≈#
#..'..@m#
#.##†#.%#
#.####### #.#
#.# #.# #..
#.# .# #..
#.# #.# ...
#.. #.#
#.####...#..#
#..


You could see a merfolk.

Vanquished Creatures
  Pikel (D:2)
  A porcupine (D:3)
  2 ogres
  3 big kobolds (D:2)
  3 bullfrogs (D:2)
  A scorpion (D:4)
  A howler monkey (D:4)
  2 hounds
  An orc priest (D:4)
  6 jellies
  2 iguanas
  2 worker ants (D:3)
  A bullfrog skeleton (D:3)
  A porcupine skeleton (D:3)
  8 adders
  2 white imps (D:3)
  6 cinder newts
  2 worms
  A hound skeleton (D:3)
  5 oozes
  4 leopard geckos (D:2)
  2 orcs (D:4)
  2 ball pythons (D:2)
  7 bats
  2 cinder newt skeletons (D:2)
  8 giant cockroaches
  3 goblins (D:1)
  A hobgoblin (D:1)
  3 jackals (D:3)
  13 kobolds
  3 bat skeletons (D:2)
  2 goblin skeletons (D:2)
  2 jackal skeletons
  A kobold skeleton (D:2)
  3 rats (D:1)
  A withered plant (D:2)
108 creatures vanquished.

Vanquished Creatures (others)
  A jelly (D:2)
  A leopard gecko (D:2)
  A jackal skeleton (D:2)
  A kobold (D:2)
  3 withered plants (D:2)
7 creatures vanquished.

Grand Total: 115 creatures vanquished

Notes
Turn   | Place    | Note
-------+----------+-------------------------------------------
     0 | D:1      | Lanoc the Lignifite Demonspawn began the quest for the Orb.
     0 | D:1      | Reached XP level 1. HP: 12/12 MP: 4/4
   220 | D:1      | Gained mutation: You're made of somewhat softer, lighter
                  | wood. (Dex +2, Stealth) [demonic ancestry]
   220 | D:1      | Reached XP level 2. HP: 19/19 MP: 6/6
   901 | D:2      | Reached skill level 3 in Whips & Flails
   901 | D:2      | Gained mutation: You have sharp barbs on your forebranches.
                  | (+2 Unarmed) [demonic ancestry]
   901 | D:2      | Reached XP level 3. HP: 25/25 MP: 7/7
   908 | D:2      | Noticed a bullfrog
   909 | D:2      | Found a glowing golden altar of the Shining One.
   915 | D:2      | Killed a bullfrog
   915 | D:2      | Gained mutation: You are partially covered in thorns.
                  | [demonic ancestry]
   915 | D:2      | Reached XP level 4. HP: 16/30 MP: 8/8
  1038 | D:2      | Reached skill level 4 in Whips & Flails
  1100 | D:2      | Noticed a big kobold
  1113 | D:2      | Killed a big kobold
  1113 | D:2      | Reached XP level 5. HP: 14/36 MP: 9/9
  1210 | D:2      | Reached XP level 6. HP: 25/42 MP: 10/10
  1280 | D:2      | Found a white marble altar of Elyvilon.
  1367 | D:2      | Reached skill level 5 in Whips & Flails
  1744 | D:2      | Found a shattered altar of Ashenzari.
  1747 | D:2      | Became a worshipper of Ashenzari the Ephemeral
  1768 | D:2      | Gained mutation: You have very sharp barbs on your
                  | forebranches. (+4 Unarmed) [demonic ancestry]
  1768 | D:2      | Reached XP level 7. HP: 33/47 MP: 11/11
  1934 | D:2      | Noticed Pikel
  1957 | D:2      | Killed Pikel
  1957 | D:2      | Reached skill level 6 in Whips & Flails
  1957 | D:2      | Gained mutation: You're made of softwood. (Dex +4,
                  | Stealth+) [demonic ancestry]
  1957 | D:2      | Reached XP level 8. HP: 50/61 MP: 12/12
  2099 | D:2      | Reached skill level 7 in Whips & Flails
  2691 | D:3      | Found an ancient bone altar of Kikubaaqudgha.
  2784 | D:3      | Reached skill level 5 in Dodging
  3024 | D:3      | Reached skill level 5 in Fighting
  3262 | D:3      | Reached * piety under Ashenzari
  3408 | D:4      | Found a staircase to the Ecumenical Temple.
  3416 | Temple   | Entered the Ecumenical Temple
  3456 | D:4      | Reached skill level 8 in Whips & Flails
  3471 | D:4      | Found a blossoming altar of Fedhas.
  3642 | D:4      | Noticed a merfolk
  3655 | D:4      | Demolished by a merfolk

Levels and vault maps discovered:
D:1:      dpeg_arrival_houses_and_road, layout_basic, first_ration,
          minmay_worlds_worst_comb
D:2:      layout_sewer, kennysheep_mini, lemuel_doored_altar, basic_altar,
          uniq_pikel
D:3:      layout_basic, kiku_gazebo_garden_becter
D:4:      layout_long_grid, fedhas_altar_3, minmay_temple_entry_proselytizer,
          hangedman_fish_farm
Temple:   regret_index_temple_sphere_string

Skill      XL: |  1  2  3  4  5  6  7  8 |
---------------+-------------------------+-----
Whips & Flails | 3 4 5 6 8 |  8.4
Dodging        | 3 4 5 |  5.4
Fighting       | 3 4 5 |  5.5
Stealth        | |  1.7
Spellcasting   | |  2.1
Invocations    | |  3.0

Action                   |  1- 3 |  4- 6 |  7- 9 || total
-------------------------+-------+-------+-------++-------
Melee: Flail             |    66 |    58 |   114 ||   238
       Unarmed           |    54 |    44 |     3 ||   101
       Sai               |       |       |    23 ||    23
       Whip              |       |       |    71 ||    71
 Cast: Flame Tongue      |     3 |    18 |     4 ||    25
Invok: Curse Item        |       |     1 |     4 ||     5
 Stab: Sleeping          |       |     1 |     8 ||     9
  Eat: Chunk             |       |     1 |     5 ||     6
Armor: Robe              |    10 |     2 |     1 ||    13
Dodge: Dodged            |   106 |    45 |    47 ||   198
Block: Other             |     1 |     7 |    12 ||    20
       Sai               |       |       |     2 ||     2
